 Dungeon Crawl Stone Soup version 0.23-a0-448-g1c01f63 (webtiles) character file.

675 galech the Chopper (level 7, -3/53 HPs)
             Began as a Demonspawn Fighter on Nov 19, 2018.
             Blown up by Pikel (15 damage)
             ... with a wand of disintegration (15)
             ... on level 4 of the Dungeon.
             The game lasted 00:03:44 (3389 turns).

galech the Chopper (Demonspawn Fighter)             Turns: 3389, Time: 00:03:45

Health: -3/53      AC: 16    Str: 16    XL:     7   Next: 33%
Magic:  7/7        EV:  8    Int: 10    God:
Gold:   174        SH:  9    Dex: 14    Spells: 6/6 levels left

rFire    . . .     SeeInvis .   a - +0 war axe
rCold    . . .     Gourm    .   c - +0 shield
rNeg     + . .     Faith    .   b - +0 scale mail
rPois    .         Spirit   .   (no helmet)
rElec    .         Reflect  .   m - +0 cloak
rCorr    .         Harm     +   (no gloves)
MR       .....                  (no boots)
Stlth    ..........             h - amulet of harm
HPRegen  0.17/turn              o - +6 ring of protection
MPRegen  0.10/turn              t - ring of positive energy

@: no status effects
A: iridescent scales 1, rot immunity
a: no special abilities


You were on level 4 of the Dungeon.
You were near starving.

You visited 1 branch of the dungeon, and saw 4 of its levels.
You also visited: Ossuary.

You collected 174 gold pieces.

Inventory:

Hand Weapons
 a - a +0 war axe (weapon)
Armour
 b - a +0 scale mail (worn)
 c - a +0 shield (worn)
 m - a +0 cloak (worn)
Jewellery
 h - an amulet of harm (around neck)
 o - a +6 ring of protection (left hand)
 t - a ring of positive energy (right hand)
Scrolls
 e - 2 scrolls of immolation
 g - a scroll of enchant armour
 i - a scroll of blinking
 j - 2 scrolls of teleportation
 l - 4 scrolls of remove curse
 p - a scroll of identify
 q - 2 scrolls of enchant weapon
 w - a scroll of fear {unknown}
Potions
 d - 2 potions of might
 k - 2 potions of haste
 n - a potion of brilliance {unknown}
 r - 2 potions of cancellation {unknown}
 s - 2 potions of agility {unknown}
 u - 2 potions of lignification {unknown}
 v - a potion of curing {unknown}
Comestibles
 f - 4 rations


   Skills:
 + Level 3.7 Fighting
 + Level 4.8 Axes
 + Level 4.1 Armour
 + Level 1.6 Dodging
 + Level 4.5 Shields


You had 6 spell levels left.
You didn't know any spells.
Your spell library was empty.

Dungeon Overview and Level Annotations

Branches:
Dungeon (4/15)
 Temple: D:4-7

Altars:
Cheibriados
Hepliaklqana
Nemelex Xobeh
Ru
Wu Jian
Yredelemnul

Annotations:
D:4 Pikel


Innate Abilities, Weirdness & Mutations

You are partially covered in iridescent scales. (AC +2)
You are immune to rotting.


Message History

A slave comes into view.
The slave shouts!
You hear a shout!
You hear an angry hiss.
Pikel the Slaver comes into view.
He is wielding a +1 whip of electrocution and Pikel shouts!
A slave comes into view. x2
A slave comes into view.
The slave shouts! x3
A leopard gecko comes into view.
Pikel hits you but does no damage.
You are electrocuted!
You hit Pikel but do no damage. You closely miss the slave.
Pikel hits you but does no damage.
You are electrocuted!
* * * LOW HITPOINT WARNING * * *
The slave completely misses you.
You are too injured to fight recklessly!
You are too injured to fight recklessly!
You are too injured to fight recklessly!
You are too injured to fight recklessly!
Unknown command.
Pikel zaps a wand.
You are blasted!
You die...

......#....#.....,,,,* *,* *,*,,,
#.....##.#.#.....,,*,***,***,,,,,
#...............,,,*,,,,,,,,,,**,
#####.....##...##,,,,,...,**,,**,
# #..<....#....##,,,....**,,,,,,
## ##...#........##,,....**,,,,*,
.# #...#.........##.....**,,,,*,
.####...###...#....#....#*,,,,,,,
...##..####..##.@l......#*,,,,,,,
#............#..p..#...#**,,,*,,,
................p.K#*.## **,,*,,,
...>..............pp...#**,,,,,,,
..........................,,,,,><
...........###.........#..,,,,,,,
.............#.........#,,,,,,,,,
.......................#,,,,,,,,,
............#...........,,*,,,,,,


You could see Pikel, 4 slaves and a leopard gecko.

Vanquished Creatures
  2 elf zombies (Ossuary)
  A scorpion (D:4)
  2 crimson imps (D:3)
  2 centaur zombies (Ossuary)
  Jessica (D:2)
  An orc wizard (D:3)
  A worker ant (D:4)
  3 big kobold zombies (Ossuary)
  A hound zombie (Ossuary)
  4 mummies
  5 adders
  2 oozes (D:1)
  5 adder zombies (Ossuary)
  A worm (D:2)
  2 dart slugs
  A leopard gecko (D:2)
  2 orcs (D:3)
  2 ball pythons (D:1)
  2 giant cockroaches
  13 goblins
  7 hobgoblins
  9 kobolds
  A bat (D:3)
  4 frilled lizards
  2 gnoll zombies (Ossuary)
  2 goblin zombies (Ossuary)
  2 hobgoblin zombies (Ossuary)
  2 jackal zombies (Ossuary)
  3 kobold zombies (Ossuary)
  2 orc zombies (Ossuary)
  2 quokka zombies (Ossuary)
  4 rats
  6 rat zombies (Ossuary)
  A spectral orc (D:2)
100 creatures vanquished.

Vanquished Creatures (others)
  A dart slug (D:3)
1 creature vanquished.

Grand Total: 101 creatures vanquished

Notes
Turn   | Place    | Note
-------+----------+-------------------------------------------
     0 | D:1      | galech the Demonspawn Fighter began the quest for the Orb.
     0 | D:1      | Reached XP level 1. HP: 18/18 MP: 1/1
   206 | D:1      | Gained mutation: You are immune to rotting. [demonic
                  | ancestry]
   206 | D:1      | Reached XP level 2. HP: 19/24 MP: 2/2
   511 | D:1      | Reached XP level 3. HP: 29/29 MP: 3/3
   752 | D:2      | Found a hazy altar of Hepliaklqana.
   906 | D:2      | Noticed Jessica
   914 | D:2      | Killed Jessica
   914 | D:2      | Reached XP level 4. HP: 35/35 MP: 4/4
  1531 | D:2      | Found a sparkling altar of Nemelex Xobeh.
  1531 | D:2      | Found an ornate altar of the Wu Jian Council.
  1603 | D:2      | Found a basalt altar of Yredelemnul.
  1821 | D:3      | Reached XP level 5. HP: 38/41 MP: 5/5
  2242 | D:3      | Found a sacrificial altar of Ru.
  2728 | D:4      | Found a snail-covered altar of Cheibriados.
  2744 | D:4      | Reached skill level 1 in Dodging
  2753 | D:4      | Gained mutation: You are partially covered in iridescent
                  | scales. (AC +2) [demonic ancestry]
  2753 | D:4      | Reached XP level 6. HP: 46/47 MP: 6/6
  2786 | D:4      | Found a sand-covered staircase.
  2988 | Ossuary  | Entered an ossuary
  3207 | Ossuary  | Reached XP level 7. HP: 52/52 MP: 7/7
  3382 | D:4      | Noticed Pikel
  3389 | D:4      | Blown up by Pikel

Vault maps used:
D:1:      ebering_trefoil_twist
D:2:      old_standard_altar, yredelemnul_forgotten_temple_becter,
          gammafunk_temple_overflow_elements, first_ration, uniq_jessica
D:3:      nicolae_ru_the_path_less_chosen
D:4:      tso_metal_star, lemuel_doored_altar, gup_ossuary_entry_pyramid,
          cheibriados_altar_1, uniq_ijyb, uniq_pikel, uniq_crazy_yiuf_cottage
Ossuary:  minmay_ossuary_two_tombs

Skill      XL: |  1  2  3  4  5  6 |
---------------+-------------------+-----
Armour         | 3 4 |  4.1
Shields        | 3 4 |  4.5
Axes           | 2 3 4 |  4.8
Dodging        | 1 |  1.6
Fighting       | |  3.7

Action                   |  1- 3 |  4- 6 |  7- 9 || total
-------------------------+-------+-------+-------++-------
Melee: War axe           |    82 |   254 |    66 ||   402
  Use: Scroll            |       |     8 |       ||     8
  Eat: Chunk             |       |     7 |       ||     7
Armor: Scale mail        |    28 |   125 |    33 ||   186
Dodge: Dodged            |    22 |    75 |    16 ||   113
Block: Shield            |    44 |   125 |    30 ||   199

Table legend:
 A = Non-vault XP
 B = Vault XP
 C = Vault XP percentage of total XP
 D = Non-vault monster count
 E = Vault monster count
 F = Vault count percentage of total count
                 A         B        C        D         E       F
            +---------+---------+-------+---------+---------+-------
      Total |     415 |     550 |  57.0 |      61 |      40 |  39.6
            +---------+---------+-------+---------+---------+-------
        D:1 |      45 |       0 |   0.0 |      17 |       0 |   0.0
        D:2 |      51 |      38 |  42.7 |      21 |       2 |   8.7
        D:3 |     200 |       0 |   0.0 |      20 |       0 |   0.0
        D:4 |     119 |      18 |  13.1 |       3 |       1 |  25.0
    Ossuary |       0 |     494 | 100.0 |       0 |      37 | 100.0
            +---------+---------+-------+---------+---------+-------
